[Event "Tournament of Champions Women 2018"]
[Site "Pleven"]
[Date "2018.05.18"]
[Round "6"]
[White "Salimova, Nurgyul"]
[Black "Voiska, Margarita"]
[Result "1-0"]
[ECO "C10"]
[WhiteElo "2260"]
[BlackElo "2273"]
[Annotator "NA"]
[PlyCount "83"]
[EventDate "2018.??.??"]
[EventCountry "BUL"]
[SourceTitle "playchess.com"]
[Source "ChessBase"]
[SourceQuality "1"]
[TimeControl "5400+30"]

1. e4 e6 2. d4 d5 3. Nc3 dxe4 4. Nxe4 Bd7 5. Nf3 Bc6 6. Bd3 Nd7 7. Qe2 Bxe4 8. Bxe4 c6 9. O-O Ngf6 10. Bd3 Be7 11. c4 O-O 12. Bf4 c5 13. dxc5 $11 Bxc5 14. Rad1 Qb6 15. Bb1 Rad8 16. Bg5 Be7 17. Qc2 Rfe8 18. Rd2 Nf8 19. Rfd1 Rxd2 20. Rxd2 Ng6 21. Rd1 h6 22. Bc1 Bc5 23. h3 e5 24. Nh2 e4 25. Nf1 Ne5 26. Be3 Nd3 27. b3 a5 28. Qe2 Bxe3 29. Nxe3 Nf4 30. Qd2 Qc5 31. Kh1 Qh5 32. Nf1 Qg5 33. Ne3 Qh5 34. Nf1 Nxh3 35. gxh3 Qxh3+ 36. Kg1 Re5 37. Qf4 Rf5 38. Rd8+ Kh7 39. Bxe4 Nxe4 40. Qxe4 g6 41. Ng3 Rf6 42. Qe8 1-0

[Event "Tournament of Champions Women 2018"]
[Site "Pleven"]
[Date "2018.05.18"]
[Round "6"]
[White "Velcheva, Maria"]
[Black "Raeva, Elitsa"]
[Result "1/2-1/2"]
[ECO "B01"]
[WhiteElo "2233"]
[BlackElo "2254"]
[Annotator "NA"]
[PlyCount "81"]
[EventDate "2018.??.??"]
[EventCountry "BUL"]
[SourceTitle "playchess.com"]
[Source "ChessBase"]
[SourceQuality "1"]
[TimeControl "5400+30"]

1. e4 d5 2. exd5 Nf6 3. d4 Nxd5 4. c4 Nb6 5. Nc3 e5 6. Nf3 exd4 7. Nxd4 Be7 8. Be2 O-O 9. O-O c6 10. Be3 Bg5 11. f4 Bf6 $14 12. Qd2 Re8 13. Rad1 Bg4 14. b3 Qc8 15. Bxg4 Qxg4 16. h3 Qh5 17. Nce2 Na6 18. Ng3 Qc5 19. Qf2 Qf8 20. Nh5 Bxd4 21. Bxd4 f6 22. Qg3 Nd7 23. Bxa7 Ndc5 24. Bb6 Ne4 25. Qg4 f5 26. Qh4 Qe7 27. Qxe7 Rxe7 28. Bd4 Nb4 29. a4 Nc2 30. Bf2 c5 31. Ng3 Nxg3 32. Bxg3 Nd4 33. Rfe1 Rae8 34. Rxe7 Rxe7 35. Rd3 b6 36. Kf1 Re4 37. Bh2 Kf7 38. g3 Ke7 39. Bg1 Nc6 40. Bf2 g6 41. h4 1/2-1/2

[Event "Tournament of Champions Women 2018"]
[Site "Pleven"]
[Date "2018.05.19"]
[Round "7"]
[White "Nikolova, Adriana"]
[Black "Salimova, Nurgyul"]
[Result "1/2-1/2"]
[ECO "A45"]
[WhiteElo "2275"]
[BlackElo "2260"]
[Annotator "NA"]
[PlyCount "98"]
[EventDate "2018.??.??"]
[EventCountry "BUL"]
[SourceTitle "playchess.com"]
[Source "ChessBase"]
[SourceQuality "1"]
[TimeControl "5400+30"]

1. d4 Nf6 2. Bg5 Ne4 3. h4 d5 4. e3 h6 {LiveBook: 3 Games} 5. Bf4 e6 6. Bd3 Nf6 7. Nf3 c5 8. c3 Nc6 9. Nbd2 Bd6 10. Bxd6 Qxd6 11. Qe2 Bd7 12. Bb5 $11 Ne7 13. Ne5 c4 14. Nxd7 Nxd7 15. e4 O-O 16. e5 Qc7 17. Ba4 f6 18. Qg4 f5 19. Qe2 Rab8 20. a3 b5 21. Bc2 a5 22. g4 b4 23. axb4 axb4 24. gxf5 Nxf5 25. Rg1 bxc3 26. bxc3 Rb2 27. Bxf5 Rxf5 28. Qg4 Nf8 29. Ra8 Qf7 30. Qg3 Kh7 31. Rg2 Rb7 32. Rxf8 Qxf8 33. Qg6+ Kh8 34. Qxe6 Rbf7 35. Qxd5 Rxf2 36. Rxf2 Rxf2 37. Qe4 Rh2 38. Nf3 Rb2 39. e6 Qa3 40. Kf1 Qa1+ 41. Ne1 Rb8 42. Qe3 Rf8+ 43. Kg1 Qd1 44. Qe4 Qd2 45. Nf3 Qc1+ 46. Kg2 Qb2+ 47. Kg1 Qc1+ 48. Kg2 Qb2+ 49. Kg1 Qc1+ 1/2-1/2

[Event "Tournament of Champions Women 2018"]
[Site "Pleven"]
[Date "2018.05.19"]
[Round "7"]
[White "Voiska, Margarita"]
[Black "Videnova, Iva"]
[Result "0-1"]
[ECO "D02"]
[WhiteElo "2273"]
[BlackElo "2345"]
[Annotator "NA"]
[PlyCount "72"]
[EventDate "2018.??.??"]
[EventCountry "BUL"]
[SourceTitle "playchess.com"]
[Source "ChessBase"]
[SourceQuality "1"]
[TimeControl "5400+30"]

1. d4 Nf6 2. Nf3 g6 3. Nbd2 d5 4. e3 Bg7 5. b4 O-O {D02: 1 d4 d5 2 Nf3 sidelines, including 2...Nf6 3 g3 and 2...Nf6 3 Bf4} 6. Bb2 a5 (6... Bf5 7. c4 c6 8. Be2 a5 9. bxa5 Qxa5 10. O-O Nbd7 11. a4 Ne4 12. cxd5 Nxd2 13. Nxd2 cxd5 {½-½ (38) Gelfand,B (2697)-Gupta,A (2610) Caleta 2018}) 7. b5 a4 8. c4 {LiveBook: 6 Games} c6 9. bxc6 Nxc6 10. Be2 a3 $146 ({Predecessor:} 10... dxc4 11. Bxc4 {½-½ (19) Kurajica,B (2517)-Fernandez Garcia,J (2438) Tenerife 2009}) 11. Bc3 dxc4 12. Bxc4 Nd5 13. Rc1 Nxc3 14. Rxc3 {[#]} e5 $1 15. O-O exd4 16. exd4 Nxd4 17. Nxd4 Qxd4 $17 18. Rd3 Qb6 19. Bd5 Bf5 20. Rb3 Qd4 21. Ne4 Qxd1 22. Rxd1 Rfd8 23. f3 Kf8 24. Rbd3 Ra7 25. g4 Bc8 26. Bb3 Rxd3 27. Rxd3 Ke7 28. Nd6 Be6 29. Bxe6 Kxe6 30. Nb5 Ra5 31. Nxa3 Bf8 32. Nc4 Rxa2 33. Rb3 Bc5+ 34. Kh1 Kd5 35. Nb2 b6 36. Rd3+ Bd4 0-1

[Event "Tournament of Champions Women 2018"]
[Site "Pleven"]
[Date "2018.05.19"]
[Round "7"]
[White "Raeva, Elitsa"]
[Black "Radeva, Viktoria"]
[Result "1/2-1/2"]
[ECO "D02"]
[WhiteElo "2254"]
[BlackElo "2275"]
[Annotator "NA"]
[PlyCount "129"]
[EventDate "2018.??.??"]
[EventCountry "BUL"]
[SourceTitle "playchess.com"]
[Source "ChessBase"]
[SourceQuality "1"]
[TimeControl "5400+30"]

1. Nf3 d5 2. g3 c6 3. Bg2 Bg4 4. O-O Nd7 5. d4 e6 6. Nbd2 Ngf6 7. Re1 Be7 8. e4 dxe4 9. Nxe4 Nxe4 10. Rxe4 Nf6 11. Re1 O-O 12. c3 Qb6 13. Qb3 Rfd8 14. Ne5 Bf5 15. Nc4 Qxb3 16. axb3 Nd5 {LiveBook: 5 Games} 17. b4 Bd3 $11 18. Na5 Rd7 19. Bd2 a6 20. Ra3 Rad8 21. Rc1 Bg6 22. Nc4 Bf6 23. Re1 Bd3 24. Na5 Nb6 25. Bf4 Nc4 26. Nxc4 Bxc4 27. h4 Bd3 28. h5 h6 29. Ra5 Be7 30. g4 Bd6 31. Bxd6 Rxd6 32. Rae5 Kf8 33. R5e3 Bc2 34. f4 R6d7 35. Kf2 Rd6 36. Bf1 R6d7 37. Bc4 Rd6 38. R3e2 Bh7 39. Bb3 Bd3 40. Re3 Bh7 41. Kg3 R6d7 42. Re5 Rd6 43. f5 exf5 44. gxf5 R6d7 45. Kf4 Bg8 46. R5e3 f6 47. Bxg8 Kxg8 48. Re6 Kf8 49. R1e4 Rd5 50. Re1 R5d7 51. Ke4 Rd5 52. Rf1 R8d6 53. Rxd6 Rxd6 54. c4 Rd8 55. d5 cxd5+ 56. cxd5 Re8+ 57. Kd4 Re2 58. Rc1 Rxb2 59. Rc8+ Ke7 60. Rc7+ Kd6 61. Rxb7 Rd2+ 62. Kc4 Rc2+ 63. Kd4 Rd2+ 64. Kc4 Rc2+ 65. Kd4 1/2-1/2

[Event "Tournament of Champions Women 2018"]
[Site "Pleven"]
[Date "2018.05.19"]
[Round "7"]
[White "Genova, Lyubka"]
[Black "Velcheva, Maria"]
[Result "1-0"]
[ECO "B30"]
[WhiteElo "2202"]
[BlackElo "2233"]
[Annotator "NA"]
[PlyCount "113"]
[EventDate "2018.??.??"]
[EventCountry "BUL"]
[SourceTitle "playchess.com"]
[Source "ChessBase"]
[SourceQuality "1"]
[TimeControl "5400+30"]

1. e4 c5 2. Nf3 Nc6 3. Bb5 Nf6 4. Bxc6 dxc6 5. d3 Qc7 {LiveBook: 28 Games} 6. h3 h6 7. Be3 e5 8. O-O Be6 9. b3 O-O-O 10. Qe2 g5 11. Nh2 $17 Be7 12. g4 h5 13. f3 hxg4 14. hxg4 Nd7 15. a3 Rh3 16. Rf2 Rdh8 17. b4 Nf8 18. Nd2 Ng6 19. Ndf1 Nf4 20. Qd2 cxb4 21. axb4 a6 22. Rb1 Qd7 23. Qd1 f6 24. Rd2 Qc7 25. c4 Rd8 26. b5 axb5 27. cxb5 c5 28. b6 Qc6 29. Qc2 Kd7 30. Bf2 Rdh8 31. Be3 Ra8 32. Qb2 Ke8 33. Qc3 Kf7 34. Bf2 Rhh8 35. Be3 Rh3 36. Bf2 Rd8 37. Qc2 Rhh8 38. Be3 Rd7 39. Ng3 Rhd8 40. Bxf4 gxf4 41. Nf5 c4 42. Nf1 Bc5+ 43. Kh1 cxd3 44. Qb2 Rh8+ 45. Rh2 Rdd8 46. Nh6+ Ke7 47. g5 Bd4 48. Qa3+ Qc5 49. Qa7 Qc6 50. Qa3+ Qc5 51. Qa7 Bc8 52. g6 Kf8 53. Qa2 Qe7 54. Rc1 Be6 55. Qg2 Qg7 56. Rc7 Qxh6 57. g7+ 1-0

[Event "Tournament of Champions Women 2018"]
[Site "Pleven"]
[Date "2018.05.19"]
[Round "7"]
[White "Gocheva, Rumiana"]
[Black "Antova, Gabriela"]
[Result "0-1"]
[ECO "C24"]
[WhiteElo "2059"]
[BlackElo "2270"]
[Annotator "NA"]
[PlyCount "134"]
[EventDate "2018.??.??"]
[EventCountry "BUL"]
[SourceTitle "playchess.com"]
[Source "ChessBase"]
[SourceQuality "1"]
[TimeControl "5400+30"]

1. e4 e5 2. Bc4 Nf6 3. d3 c6 4. Nf3 d5 5. Bb3 Bb4+ 6. c3 Bd6 7. Bg5 dxe4 {C24: Bishop's Opening: 2...Nf6} 8. dxe4 h6 {LiveBook: 14 Games} 9. Bxf6 (9. Bh4 Qe7 10. Nbd2 Nbd7 11. Bg3 Bc7 12. O-O Nh5 13. h3 Nxg3 14. fxg3 Nc5 15. Bxf7+ Kxf7 16. Nxe5+ {0-1 (34) Carlsen,M (2877)-Caruana,F (2801) Saint Louis 2014}) 9... Qxf6 10. h3 $146 ({Predecessor:} 10. Nbd2 Bc7 11. Qe2 Nd7 12. Nc4 Nc5 13. O-O-O O-O 14. Bc2 a5 15. Ne3 {0-1 (30) Deszczynski,A (2352)-Sulskis,S (2572) Warsaw 2008}) 10... O-O 11. Nbd2 Nd7 12. Qe2 Nc5 13. Nf1 a5 14. Bc2 b6 15. N3h2 Ba6 16. Qf3 $17 Qe6 17. Qg4 Qxg4 18. Nxg4 Rfd8 19. O-O-O h5 20. Nge3 Be7 21. Rxd8+ Rxd8 22. Nf5 Bf8 23. Nd2 g6 24. Ne3 Bh6 25. b4 Nd3+ 26. Bxd3 Rxd3 27. Kc2 Bxe3 28. fxe3 axb4 29. cxb4 Rxe3 30. a4 Ra3 31. Kb2 Rxa4 32. Kb3 Bb5 33. Nc4 c5 34. Nxb6 Rxb4+ 35. Kc3 Rxe4 36. Rb1 Bc6 37. Nc4 Re2 38. g4 hxg4 39. hxg4 Bd5 40. Nd6 Rg2 41. Rb8+ Kg7 42. Rb5 Rg3+ 43. Kd2 Rxg4 44. Rxc5 Rd4+ 45. Ke3 f5 46. Nb5 Re4+ 47. Kf2 Be6 48. Nd6 Rd4 49. Ne8+ Kf7 50. Rxe5 Kxe8 51. Rxe6+ Kf7 52. Ra6 Rd3 53. Rb6 Kg7 54. Ra6 Kh6 55. Rb6 Kh5 56. Rf6 Kg5 57. Ra6 f4 58. Kg2 Kf5 59. Rb6 g5 60. Rb2 Kg4 61. Kh2 Re3 62. Ra2 Kf3 63. Kh3 g4+ 64. Kh4 g3 65. Kh3 Re2 66. Ra3+ Kf2 67. Ra4 f3 0-1

[Event "Tournament of Champions Women 2018"]
[Site "Pleven"]
[Date "2018.05.20"]
[Round "8"]
[White "Nikolova, Adriana"]
[Black "Gocheva, Rumiana"]
[Result "1-0"]
[ECO "C09"]
[WhiteElo "2275"]
[BlackElo "2059"]
[Annotator "NA"]
[PlyCount "117"]
[EventDate "2018.??.??"]
[EventCountry "BUL"]
[SourceTitle "playchess.com"]
[Source "ChessBase"]
[SourceQuality "1"]
[TimeControl "5400+30"]

1. e4 e6 2. d4 d5 3. Nd2 c5 4. Ngf3 Nc6 5. exd5 exd5 6. Bb5 Qe7+ 7. Be2 Nf6 {C09: French Tarrasch: 3...c5 4 exd5 exd5 5 Ngf3 Nc6} 8. O-O Qc7 9. Bb5 cxd4 10. Nxd4 $146 ({Predecessor:} 10. Re1+ Be7 11. Qe2 a6 12. Bxc6+ bxc6 13. Nxd4 Ra7 14. Qe5 c5 15. Nf5 Qxe5 16. Rxe5 Bxf5 17. Rxf5 {½-½ (41) Mamedov,R (2678)-Harikrishna,P (2733) Antalya 2017}) 10... Be7 11. N2f3 a6 12. Bd3 Bg4 13. Nf5 Bxf5 14. Bxf5 O-O 15. c3 Rad8 16. Bc2 b5 17. Qd3 d4 18. Bg5 dxc3 19. Qxc3 Nd5 20. Qd3 g6 21. Qe4 Bxg5 22. Nxg5 Qf4 23. Qxf4 Nxf4 24. Rad1 Nd4 25. Bb1 $1 f5 26. g3 Nfe2+ 27. Kg2 f4 28. f3 h6 29. Nh3 fxg3 30. hxg3 Nf5 31. Bxf5 $1 gxf5 32. Kf2 Nd4 33. Nf4 Rf6 34. Rd3 Nc6 35. Rxd8+ Nxd8 36. Rd1 Nf7 37. Ke3 Rc6 38. Rd2 Ne5 39. b3 Kf7 40. Nd5 Ng6 41. Kd4 Rc1 42. f4 Ke6 43. Rd3 (43. Nb4 $16) 43... h5 44. a4 h4 45. gxh4 Nxh4 46. axb5 axb5 47. Nc3 Ng2 48. Rf3 b4 49. Na2 Rd1+ ({Black should try} 49... Re1 $11) 50. Kc5 Nh4 51. Re3+ Kd7 52. Nxb4 Ng6 53. Rd3+ Rxd3 54. Nxd3 Ne7 55. Ne5+ Kc7 56. b4 Nc8 57. b5 Nb6 58. Nc4 Na4+ 59. Kb4 1-0

[Event "Tournament of Champions Women 2018"]
[Site "Pleven"]
[Date "2018.05.20"]
[Round "8"]
[White "Radeva, Viktoria"]
[Black "Genova, Lyubka"]
[Result "1/2-1/2"]
[ECO "B83"]
[WhiteElo "2275"]
[BlackElo "2202"]
[Annotator "ChessBase"]
[PlyCount "59"]
[EventDate "2018.??.??"]
[EventCountry "BUL"]
[SourceTitle "playchess.com"]
[Source "ChessBase"]
[SourceQuality "1"]
[TimeControl "5400+30"]

1. e4 c5 2. Nf3 e6 3. d4 cxd4 4. Nxd4 Nc6 5. Nc3 Qc7 6. Be2 Nf6 7. O-O Be7 8. Be3 d6 9. Ndb5 Qb8 10. f4 O-O 11. Qe1 a6 12. Nd4 Nxd4 13. Bxd4 e5 14. Be3 b5 15. Qg3 Kh8 16. fxe5 dxe5 17. Bg5 Be6 18. Rad1 b4 19. Bxf6 Bxf6 20. Nd5 Bxd5 21. exd5 Be7 22. Bd3 g6 23. c4 f5 24. Bc2 Bd6 25. h3 Qb6+ 26. Kh1 e4 27. Qf2 e3 28. Qe2 Rae8 29. Rf3 Bc5 30. Ba4 1/2-1/2

[Event "Tournament of Champions Women 2018"]
[Site "Pleven"]
[Date "2018.05.20"]
[Round "8"]
[White "Antova, Gabriela"]
[Black "Raeva, Elitsa"]
[Result "1-0"]
[ECO "A52"]
[WhiteElo "2270"]
[BlackElo "2254"]
[Annotator "NA"]
[PlyCount "89"]
[EventDate "2018.??.??"]
[EventCountry "BUL"]
[SourceTitle "playchess.com"]
[Source "ChessBase"]
[SourceQuality "1"]
[TimeControl "5400+30"]

1. d4 Nf6 2. c4 e5 3. dxe5 Ng4 4. e4 Nxe5 5. f4 Ng6 6. Be3 {A52: Budapester Gambit (Hauptvariante)} (6. Bd3 Bc5 7. Qh5 d6 8. Nc3 Nd7 9. Qe2 O-O 10. Bd2 Nf6 11. Nf3 Bd7 12. O-O-O Re8 13. a3 a5 {1-0 (28) Cheparinov,I (2682)-Al Modiahki,M (2549) Dubai 2014}) 6... Nc6 7. Nf3 Bb4+ 8. Nbd2 Qe7 9. Qc2 Bc5 10. Bxc5 Qxc5 11. g3 Qe3+ 12. Be2 Nb4 13. Qb1 $1 d6 14. a3 Nc6 15. Qd3 $146 Qb6 16. Qc3 Bg4 17. O-O-O O-O-O 18. Nb3 f5 19. h3 Bxf3 20. Bxf3 a5 21. exf5 Nge7 22. g4 a4 23. Nd4 Na5 24. Kb1 Rd7 25. Ne6 Nb3 26. Qxg7 Rg8 27. Qxh7 Qe3 28. Bd5 Rgd8 29. Bxb7+ Kxb7 30. Nxd8+ Kc8 31. Rhe1 Nd2+ 32. Ka1 Qd3 33. Ne6 Nb3+ 34. Ka2 Qxc4 35. Qh8+ Kb7 36. Qc3 Qb5 37. Qb4 Qxb4 38. axb4 Nc6 39. Ka3 Rh7 40. Re3 Rh8 41. f6 Rb8 42. f7 $18 Nc5 43. bxc5 Na5 44. Rd4 Kc6 45. f8=Q 1-0

[Event "Tournament of Champions Women 2018"]
[Site "Pleven"]
[Date "2018.05.20"]
[Round "8"]
[White "Salimova, Nurgyul"]
[Black "Videnova, Iva"]
[Result "0-1"]
[ECO "B45"]
[WhiteElo "2260"]
[BlackElo "2345"]
[Annotator "NA"]
[PlyCount "94"]
[EventDate "2018.??.??"]
[EventCountry "BUL"]
[SourceTitle "playchess.com"]
[Source "ChessBase"]
[SourceQuality "1"]
[TimeControl "5400+30"]

1. e4 c5 2. Nf3 e6 3. d4 cxd4 4. Nxd4 Nf6 5. Nc3 Nc6 6. Nxc6 bxc6 7. e5 Nd5 8. Ne4 Qc7 9. f4 Qb6 10. c4 Bb4+ 11. Ke2 f5 12. exf6 Nxf6 {B45: Sicilian Four Knights} 13. Be3 Qd8 14. Nd6+ Bxd6 15. Qxd6 Bb7 (15... Qe7 16. Bc5 Qf7 17. Ke3 g5 18. Be2 g4 19. Rac1 h5 20. Rc3 Qg7 21. Bd3 Kf7 22. Kd2 Re8 23. Re1 Qh6 24. Kc2 a5 25. Re5 Nh7 26. Rf5+ Kg8 27. Qe5 {1-0 (27) Vidit,S (2718)-Krasenkow,M (2671) Wijk aan Zee 2018}) 16. Rg1 {[#]} Ne4 $146 ({Predecessor:} 16... Rc8 17. g3 c5 18. Bh3 Ne4 19. Qe5 O-O 20. Rad1 {0-1 (36) Majdan,J (2391)-Gunina,V (2529) Germany 2015}) 17. Qe5 c5 18. Qxg7 Qh4 19. g3 Qxh2+ 20. Rg2 Qh1 21. Rg1 (21. Qxh8+ $2 Kf7 $19) (21. Bxc5 $5 Nxc5 22. Qxh8+ Kf7 23. Qe5 Bxg2 24. Qxc5 $11) 21... Qh5+ 22. g4 Qh2+ 23. Rg2 Ng3+ 24. Kd3 Bxg2 25. Bxg2 O-O-O 26. Rg1 Rhe8 27. Bxc5 e5 28. fxe5 Ne2 29. Kxe2 Rxe5+ 30. Kd3 Rxc5 (30... Qg3+ $142 31. Kc2 Re2+ 32. Kc1 Rxg2 33. Rxg2 Qxg2) 31. Qd4 Qg3+ 32. Kc2 Qe5 33. Qxe5 Rxe5 34. Bf3 Rf8 35. Rg3 Kc7 36. Kd3 h6 37. Rh3 Rf6 38. b3 Re1 39. Be4 Rd6+ 40. Bd5 Rg1 $19 41. Rh4 Rg2 42. a4 Rg3+ 43. Ke4 Rxb3 44. Ke5 Re3+ 45. Kf4 Ra3 46. g5 hxg5+ 47. Kxg5 Rxa4 0-1